 Dungeon Crawl Stone Soup version 0.29-a0-575-g0dc89cf (webtiles) character file.

Game seed: 9851378358326083248

40 BingusPrime the Insei (level 3, -1/23 HPs)
             Began as an Octopode Transmuter on June 12, 2022.
             Slain by a worm (11 damage)
             ... on level 2 of the Dungeon.
             The game lasted 00:03:34 (1674 turns).

BingusPrime the Insei (Octopode Transmuter)         Turns: 1674, Time: 00:03:35

Health: -1/23      AC:  1    Str:  9    XL:     3   Next: 50%
Magic:  5/6        EV: 13    Int: 17    God:
Gold:   70         SH:  0    Dex: 12    Spells: 5/6 levels left

rFire   . . .      SeeInvis .     - Unarmed
rCold   . . .      Faith    .   (no shield)
rNeg    . . .      Spirit   .   (helmet currently unavailable)
rPois   .          Reflect  .   f - amulet of magic regeneration
rElec   .          Harm     .   g - ring of wizardry
rCorr   .          Rampage  .   (no ring)
Will    .....                   (no ring)
Stlth   +++.......              (no ring)
HPRegen 0.07/turn               (no ring)
MPRegen 0.50/turn               (no ring)
                                (no ring)
                                (no ring)

@: appendages
A: tentacle spike 3, almost no armour, amphibious, 8 rings, camouflage 1,
gelatinous body 1, (nimble swimmer 1), tentacles
a: End Transformation


You were on level 2 of the Dungeon.
One of your tentacles had grown a beastly spike.
You visited 1 branch of the dungeon, and saw 2 of its levels.

You collected 70 gold pieces.

Inventory:

Jewellery
 f - an amulet of magic regeneration (around mantle)
 g - a ring of wizardry (left tentacle)
 k - an amulet of regeneration
 l - an amulet of faith
Scrolls
 b - a scroll of silence {unknown}
 c - a scroll of teleportation {unknown}
 e - a scroll of identify {unknown}
 h - a scroll of noise {unknown}
 j - a scroll of vulnerability {unknown}
Potions
 a - a potion of lignification
 d - 2 potions of brilliance {unknown}
 i - 2 potions of curing {unknown}


   Skills:
 + Level 1.4 Fighting
 + Level 2.2 Dodging
 + Level 1.5 Stealth
 + Level 3.2 Unarmed Combat
 + Level 2.3 Spellcasting
 + Level 2.4 Transmutations


You had 5 spell levels left.
You knew the following spells:

 Your Spells              Type           Power      Damage    Failure   Level
a - Beastly Appendage     Tmut           20%        N/A       2%          1

Your spell library contained the following spells:

 Spells                   Type           Power      Damage    Failure   Level
 Wereblood                Tmut           10%        N/A       4%          2
 Spider Form              Tmut/Pois      6%         N/A       14%         3
 Ice Form                 Ice/Tmut       6%         N/A       41%         4


Dungeon Overview and Level Annotations

Branches:
Dungeon (2/15)

Altars:


Innate Abilities, Weirdness & Mutations

One of your tentacles has grown a beastly spike.
You cannot wear most types of armour.
You are amphibious.
You can wear up to eight rings at the same time.
Your skin changes colour to match your surroundings (Stealth+).
Your rubbery body absorbs attacks. (AC +1, EV +1)
((You are camouflaged when in or above water. (Stealth+)))
You have tentacles for arms and can constrict up to eight enemies at once.


Message History

You tentacle-slap the hobgoblin.
You kill the hobgoblin!
You start resting.
Your transformation is almost over.
Your tentacle spike disappears.
A goblin comes into view. It is wielding a +0 club.
A goblin is nearby!
Casting: Beastly Appendage (safe; 2% risk of failure)
Confirm with . or Enter, or press ? or * to list all spells.
One of your tentacles grows a vicious spike.
The goblin shouts!
Things that are here:
a +0 short sword; a stone; a hobgoblin corpse The goblin hits you with a +0 club.
You are too injured to fight recklessly!
You are too injured to fight recklessly!
You miss the goblin. You grab the goblin.
You pierce the goblin.
You kill the goblin!
Things that are here:
a +0 short sword; a stone; a hobgoblin corpse
l - an amulet of faith Your transformation is almost over.
You start resting.
Your tentacle spike disappears.
A worm comes into view.
Casting: Beastly Appendage (safe; 2% risk of failure)
Confirm with . or Enter, or press ? or * to list all spells.
One of your tentacles grows a vicious spike.
Your transformation is almost over.
You open the door.
There is an open door here.
You start resting.
Your tentacle spike disappears.
A worm is nearby!
There is an open door here.
Casting: Beastly Appendage (safe; 2% risk of failure)
Confirm with . or Enter, or press ? or * to list all spells.
One of your tentacles grows a vicious spike.
The worm bites you!
You die...

##..#<........#
#.....# ....
###.#w....###.....#
###
#.#.......+.†...+
#.#....####.....#.
#.#.....)..)........
#.#....#######......
.#...............#.#
#.####w............
... #.@........##..
###. #.#........# ..
.. #.#........
#.#.#.##.#. #.#....#
# #.#......
#.###.##.# #.. . ..


You could see a worm.

Vanquished Creatures
  An adder (D:2)
  A dart slug (D:1)
  3 endoplasms (D:1)
  A giant cockroach (D:1)
  3 goblins
  5 hobgoblins
  2 quokkas
  3 ball pythons (D:1)
  6 bats (D:1)
  A frilled lizard (D:1)
  A kobold (D:2)
  2 rats (D:1)
29 creatures vanquished.

Notes
Turn   | Place    | Note
-------+----------+-------------------------------------------
     0 | D:1      | BingusPrime the Octopode Transmuter began the quest for the
                  | Orb.
     0 | D:1      | Reached XP level 1. HP: 13/13 MP: 3/3
   261 | D:1      | Reached XP level 2. HP: 17/18 MP: 5/5
   309 | D:1      | Reached skill level 1 in Stealth
   735 | D:1      | Reached XP level 3. HP: 12/23 MP: 6/6
  1674 | D:2      | Slain by a worm

Illustrated notes

Levels and vault maps discovered:
D:1:      amcnicky_arrival_gap_in_the_tavern_cellar, layout_basic,
          lemuel_another_geyser
D:2:      layout_basic, basic_altar, hellmonk_ecumenical_altar_zigzags,
          serial_shops, nicolae_shop_behind_doors, shop,
          nicolae_shop_statue_plus, shop, minmay_bisected

Skill      XL: |  1  2 |
---------------+-------+-----
Stealth        | 1 |  1.5
Fighting       | |  1.4
Dodging        | |  2.2
Unarmed Combat | |  3.2
Spellcasting   | |  2.3
Transmutations | |  2.4

Action                   || total
-------------------------++-------
Melee: Unarmed           ||    49
       Constrict         ||    15
       Kick              ||    12
       Tentacles         ||    11
       Punch             ||     2
 Cast: Beastly Appendage ||    18
 Stab: Sleeping          ||     7
Armor: Skin              ||     2
Dodge: Dodged            ||    26

Table legend: (Time is in decaauts)
 A = Elapsed time spent in this place.
 B = Non-inter-level travel time spent in this place.
 C = Inter-level travel time spent in this place.
 D = Time resting spent in this place.
 E = Time spent auto-exploring this place.
 F = Levels seen in this place.
 G = Mean time per level.
                   A        B        C        D        E       F      G
               +--------+--------+--------+--------+--------+-----+--------+
         Total |   1670 |   1621 |     49 |    210 |   1190 |   2 |  835.0 |
       Dungeon |   1670 |   1621 |     49 |    210 |   1190 |   2 |  835.0 |
               +--------+--------+--------+--------+--------+-----+--------+

Top non-repeatable levels by time:
     D:1: 1567 daAuts
     D:2: 103 daAuts
